[Event "7th Cattolica Open-B 2020"]
[Site "Cattolica"]
[Date "2020.09.04"]
[Round "5.2"]
[White "Ismayilov, Ulvi"]
[Black "Saviane, Giorgio"]
[Result "1-0"]
[ECO "D24"]
[WhiteElo "1713"]
[BlackElo "1643"]
[Annotator "NA RC"]
[PlyCount "119"]
[EventDate "2020.08.31"]
[EventType "swiss"]
[EventCountry "ITA"]
[SourceTitle "playchess.com"]
[Source "ChessBase"]
[SourceQuality "1"]
[TimeControl "5400+30"]

1. Nf3 d5 2. c4 e6 3. d4 Nf6 4. Nc3 c5 5. Bg5 dxc4 6. e3 Nbd7 7. Bxc4 Be7 8. d5 exd5 9. Nxd5 Nxd5 10. Qxd5 O-O 11. Rd1 Qa5+ 12. Qd2 Qxd2+ 13. Rxd2 Bxg5 14. Nxg5 Ne5 15. Bd5 Rb8 16. O-O b5 17. Rc1 c4 18. f4 Nd3 19. Rc3 h6 20. Nf3 Re8 21. Ne5 Nxe5 22. fxe5 Rxe5 23. b3 cxb3 24. Bxb3 Re7 25. Rd8+ Kh7 26. Rdxc8 Rbb7 27. Kf2 a5 28. Kf3 Red7 29. Bc2+ g6 30. Be4 Ra7 31. Bc6 Rd2 32. Bxb5 Rxa2 33. R3c7 Rxc7 34. Rxc7 a4 35. Rxf7+ Kh8 36. Ra7 a3 37. h4 Ra1 38. Bd3 Kg8 39. Bxg6 Kf8 40. Bd3 Kg8 41. e4 Kf8 42. g3 Ke8 43. Kg4 Kf8 44. Kh5 Rg1 45. g4 Rg3 46. Rxa3 Kg7 47. e5 Kf8 48. Ra8+ Ke7 49. Bf5 Rc3 50. Ra7+ Ke8 51. Kxh6 Rc6+ 52. Bg6+ Kf8 53. h5 Re6 54. Ra8+ Ke7 55. Re8+ Kd7 56. Rxe6 Kxe6 57. Kg7 Kxe5 58. h6 Kf4 59. h7 Kxg4 60. h8=Q 1-0

[Event "7th Cattolica Open-B 2020"]
[Site "Cattolica"]
[Date "2020.09.04"]
[Round "5.4"]
[White "Cirrincione, Giansalvo"]
[Black "Bianco, Paolo"]
[Result "0-1"]
[ECO "D02"]
[WhiteElo "1787"]
[BlackElo "1476"]
[Annotator "NA RC"]
[PlyCount "68"]
[EventDate "2020.08.31"]
[EventType "swiss"]
[EventCountry "ITA"]
[SourceTitle "playchess.com"]
[Source "ChessBase"]
[SourceQuality "1"]
[TimeControl "5400+30"]

1. d4 Nf6 2. Bf4 e6 3. e3 c5 4. c3 d5 5. Nd2 Nc6 6. Ngf3 Bd6 7. Bg3 O-O 8. Ne5 Qe7 9. Bd3 Nd7 10. Nxd7 Bxd7 11. Bxd6 Qxd6 12. dxc5 Qc7 13. h4 Rac8 14. Bxh7+ Kxh7 15. Qh5+ Kg8 16. Nf3 f6 17. Ng5 fxg5 18. hxg5 Qe5 19. Rh3 Rf5 20. g4 Rf4 21. Kf1 Rc4 22. Re1 Be8 23. Qh8+ Kf7 24. Rf3+ Ke7 25. Qf8+ Kd7 26. e4 Rxe4 27. Rxe4 dxe4 28. Re3 Bg6 29. Qd6+ Qxd6 30. cxd6 Kxd6 31. Kg2 Ne5 32. Kg3 Rf8 33. Re2 Rf3+ 34. Kh4 Rf4 0-1

[Event "7th Cattolica Open-B 2020"]
[Site "Cattolica"]
[Date "2020.09.04"]
[Round "5.5"]
[White "Pellegrini, Ennio Paolo"]
[Black "D`Agostino, Maurizio"]
[Result "0-1"]
[ECO "B01"]
[WhiteElo "1733"]
[BlackElo "1893"]
[Annotator "NA RC"]
[PlyCount "58"]
[EventDate "2020.08.31"]
[EventType "swiss"]
[EventCountry "ITA"]
[SourceTitle "playchess.com"]
[Source "ChessBase"]
[SourceQuality "1"]
[TimeControl "5400+30"]

1. e4 d5 2. exd5 Nf6 3. d4 Bg4 4. Nf3 Qxd5 5. Be2 Nc6 6. O-O O-O-O 7. c4 ({Better is} 7. Be3 $14) 7... Qf5 {[%emt 0:00:00] [#]} ({Black should try} 7... Qh5 $15) 8. Be3 $1 e6 {[%emt 0:00:00] B01: Scandinavian Defence.} 9. a3 $2 {[%emt 0:08:34] [#]} (9. Qb3 $14 {stays ahead.}) 9... Bc5 $1 {[%emt 0:00:00] [#]} 10. Qb3 $146 ({Predecessor:} 10. Qa4 Bxf3 11. Bxf3 Nxd4 12. Bxd4 Bxd4 13. Nc3 a6 14. Qb4 c6 15. Na4 Qf4 16. Nc5 Bxc5 17. Qxc5 {½-½ (23) Gunther,M (1881)-Kuck,U (1951) Maastricht 2010}) 10... Nxd4 11. Bxd4 Bxd4 12. h3 Bxf3 13. Bxf3 Bb6 14. Nc3 (14. Qb5 {was called for.}) 14... Rd3 15. Rad1 $2 (15. c5 Qxc5 16. Be2) 15... Rhd8 $2 (15... Rxf3 $19 {has better winning chances.} 16. gxf3 Qxf3) 16. Rxd3 Rxd3 17. Rd1 (17. Qb4 $142 c5 18. Qa4) 17... Rxf3 18. gxf3 Qxf3 19. Qc2 Qxh3 20. Qd2 c6 21. Qd6 Qg4+ 22. Kf1 Qxc4+ 23. Ne2 Qc5 24. Qf4 Bc7 25. Qd2 Qh5 26. Nc3 Qh3+ 27. Ke2 Qg4+ 28. Kf1 h5 29. Qe3 b6 $19 0-1

[Event "7th Cattolica Open-B 2020"]
[Site "Cattolica"]
[Date "2020.09.04"]
[Round "5.6"]
[White "Guglielmi, Dante"]
[Black "Giovannini, Roberto"]
[Result "0-1"]
[ECO "D46"]
[WhiteElo "1727"]
[BlackElo "1893"]
[Annotator "NA RC"]
[PlyCount "86"]
[EventDate "2020.08.31"]
[EventType "swiss"]
[EventCountry "ITA"]
[SourceTitle "playchess.com"]
[Source "ChessBase"]
[SourceQuality "1"]
[TimeControl "5400+30"]

1. c4 c6 2. Nf3 Nf6 3. Nc3 d5 4. e3 e6 5. b3 Bd6 6. d4 O-O 7. Bd3 Re8 8. O-O Nbd7 9. Bb2 e5 10. dxe5 Nxe5 11. Nxe5 Bxe5 12. Qc2 {[%emt 0:01:34] [#]} Bg4 $146 {[%emt 0:04:49] D46: Semi-Slav: 5 e3 Nbd7 6 Bd3, Black avoids the Meran.} (12... d4 $15 13. exd4 Qxd4) ({Predecessor:} 12... Be6 13. cxd5 cxd5 14. Ne2 Rc8 15. Qd2 Qd6 16. Bxe5 Qxe5 17. Rac1 Qg5 18. Rxc8 Bxc8 19. Rc1 Bd7 20. Rc7 {0-1 (36) Francischone,R-Martins,A (1513) Sao Paulo 2019}) 13. Be2 (13. cxd5 $14 cxd5 14. h3) 13... dxc4 14. bxc4 Qe7 15. Rad1 Rad8 16. Rxd8 Rxd8 17. Rd1 Bxe2 18. Qxe2 Rd7 19. Kf1 h6 ({Much weaker is} 19... Bxh2 $6 20. g3 $16) 20. h3 Qb4 21. Rxd7 ({White should play} 21. Rc1 $15) 21... Nxd7 22. Nd1 Bxb2 23. Nxb2 Qc3 24. f4 Nc5 25. Qg4 Qc1+ 26. Nd1 Qxc4+ 27. Kg1 Ne6 28. f5 Qxg4 29. hxg4 Nc5 30. Kf1 Kf8 31. Ke2 Ke7 32. Nc3 b5 $19 33. Kd2 Kd6 34. Nd1 a5 35. Kc3 Kd5 36. a3 Ne4+ 37. Kc2 c5 38. Kb2 c4 39. a4 b4 40. Kc2 Nc5 41. Nb2 b3+ 42. Kc1 c3 43. Nd1 Nd3+ 0-1

[Event "7th Cattolica Open-B 2020"]
[Site "Cattolica"]
[Date "2020.09.04"]
[Round "5.8"]
[White "Tagliaferri, Valerio"]
[Black "Palozza, Flavio"]
[Result "0-1"]
[ECO "B19"]
[WhiteElo "1777"]
[BlackElo "1619"]
[Annotator "NA RC"]
[PlyCount "126"]
[EventDate "2020.08.31"]
[EventType "swiss"]
[EventCountry "ITA"]
[SourceTitle "playchess.com"]
[Source "ChessBase"]
[SourceQuality "1"]
[TimeControl "5400+30"]

1. e4 c6 2. d4 d5 3. Nd2 dxe4 4. Nxe4 Bf5 5. Ng3 Bg6 6. h4 h6 7. Nf3 Nd7 8. h5 Bh7 9. Bd3 Bxd3 10. Qxd3 Ngf6 11. Bd2 Qc7 12. O-O-O O-O-O 13. Ne4 e6 14. g3 Nxe4 15. Qxe4 Nf6 16. Qe2 Bd6 17. c4 c5 18. Kb1 Kb8 19. Bc3 Ka8 20. Ne5 Bxe5 21. dxe5 Nd7 22. Rd6 Nb8 23. Rhd1 Nc6 24. b3 Kb8 25. Kb2 Ne7 26. g4 Nc8 27. R6d3 Rxd3 28. Qxd3 Ne7 29. Qd7 Nc6 30. f4 Rd8 31. Qxc7+ Kxc7 32. Rd6 b6 33. a3 Ne7 34. Kc2 Rg8 35. g5 hxg5 36. fxg5 Rh8 37. g6 Rxh5 38. gxf7 Rf5 39. f8=Q Rxf8 40. Rxe6 Kd7 41. Rd6+ Kc7 42. Rd2 Nf5 43. b4 Re8 44. Re2 Kc6 45. b5+ Kd7 46. a4 Ke6 47. Re4 Rh8 48. a5 Rh2+ 49. Kb3 Rh3 50. axb6 axb6 51. Kc2 Ne3+ 52. Kd2 Nf1+ 53. Kc2 Ne3+ 54. Kd2 Nf5 55. Rg4 Rg3 56. Rxg3 Nxg3 57. Ke3 Nf5+ 58. Ke4 Nh6 59. Bd2 Nf7 60. Be3 Nxe5 61. Bxc5 bxc5 62. b6 Nxc4 63. b7 Nd6+ 0-1

[Event "7th Cattolica Open-B 2020"]
[Site "Cattolica"]
[Date "2020.09.04"]
[Round "5.9"]
[White "Di Maulo, Alessandra"]
[Black "Danese, Aldo"]
[Result "1/2-1/2"]
[ECO "B00"]
[WhiteElo "1751"]
[BlackElo "1634"]
[Annotator "NA RC"]
[PlyCount "148"]
[EventDate "2020.08.31"]
[EventType "swiss"]
[EventCountry "ITA"]
[SourceTitle "playchess.com"]
[Source "ChessBase"]
[SourceQuality "1"]
[TimeControl "5400+30"]

1. e4 b6 2. d4 e6 3. Bd3 Bb7 4. Nf3 Ne7 5. O-O Ng6 6. c4 Be7 7. Nc3 d6 8. b3 Nd7 9. Bb2 e5 10. Bc2 O-O 11. Nd5 c6 12. Ne3 Qc7 13. Nf5 Bf6 14. Rc1 Rad8 15. Qe2 c5 16. dxe5 Ndxe5 17. Nxe5 dxe5 18. Rfd1 Bc8 19. Ne3 Nf4 20. Qf3 Be6 21. Nd5 Bxd5 22. exd5 Qd6 23. Qe4 g6 24. Re1 Rfe8 25. Rcd1 Bg7 26. Bc1 f5 27. Qe3 Nh5 28. Bb2 e4 29. Bxg7 Nxg7 30. Qc3 Nh5 31. f3 exf3 32. Qxf3 Nf6 33. Kh1 Ng4 34. g3 Qf6 35. Re2 Kg7 36. Rde1 Rxe2 37. Rxe2 Rd7 38. Kg2 Re7 39. h3 Rxe2+ 40. Qxe2 Nh6 41. Bd3 Nf7 42. Qf2 Qc3 43. Be2 Nd6 44. Qf4 Ne4 45. Qc7+ Kh6 46. Qf4+ g5 47. Qf3 Qd2 48. h4 gxh4 49. Qf4+ Qxf4 50. gxf4 Nc3 51. Bd3 Kg6 52. d6 Kf6 53. d7 Ke7 54. Bxf5 Ne2 55. Kh3 Nxf4+ 56. Kxh4 Ne2 57. Kg5 Nc3 58. a3 a5 59. a4 Ne2 60. Bxh7 Nd4 61. Be4 Kxd7 62. Kf6 Kd6 63. Bb7 Nxb3 64. Ba6 Nd4 65. Bb7 Ne2 66. Be4 Nd4 67. Bb7 Ne2 68. Be4 Kc7 69. Ke7 Nd4 70. Bd5 Nf5+ 71. Ke6 Ne3 72. Ke5 Nxd5 73. Kxd5 Kd7 74. Ke5 Kc6 1/2-1/2

[Event "7th Cattolica Open-B 2020"]
[Site "Cattolica"]
[Date "2020.09.05"]
[Round "6.2"]
[White "Marani, Luca"]
[Black "Ismayilov, Ulvi"]
[Result "1-0"]
[ECO "C42"]
[WhiteElo "1736"]
[BlackElo "1713"]
[Annotator "NA RC"]
[PlyCount "71"]
[EventDate "2020.08.31"]
[EventType "swiss"]
[EventCountry "ITA"]
[SourceTitle "playchess.com"]
[Source "ChessBase"]
[SourceQuality "1"]
[TimeControl "5400+30"]

1. e4 e5 2. Nf3 Nf6 3. Nxe5 d6 4. Nf3 Nxe4 5. d4 d5 6. Bd3 Bd6 7. O-O O-O 8. Re1 f5 9. c4 Bb4 10. Re2 c6 11. Qb3 Ba5 12. Bf4 Kh8 13. Nc3 Bxc3 14. bxc3 b6 15. cxd5 cxd5 16. Qa3 Nd7 17. h4 Ndf6 18. Bc7 Qe8 19. Nd2 Be6 20. Nf1 Qd7 21. Bh2 Ng4 22. Bf4 Nh6 23. f3 Nf6 24. Rae1 Rfe8 25. Qa6 Qf7 26. Ng3 Bc8 27. Rxe8+ Nxe8 28. Qa3 Ng8 29. Re5 Nd6 30. Qxd6 h6 31. Qxd5 Qxd5 32. Rxd5 Be6 33. Rd6 Bxa2 34. Nxf5 Rf8 35. Be5 Nf6 36. Nxh6 1-0

[Event "7th Cattolica Open-B 2020"]
[Site "Cattolica"]
[Date "2020.09.05"]
[Round "6.3"]
[White "D`Agostino, Maurizio"]
[Black "Urbani, Gabriel"]
[Result "1-0"]
[ECO "D34"]
[WhiteElo "1893"]
[BlackElo "1737"]
[Annotator "NA RC"]
[PlyCount "55"]
[EventDate "2020.08.31"]
[EventType "swiss"]
[EventCountry "ITA"]
[SourceTitle "playchess.com"]
[Source "ChessBase"]
[SourceQuality "1"]
[TimeControl "5400+30"]

1. Nf3 d5 2. c4 e6 3. g3 Nf6 4. Bg2 c5 5. d4 Nc6 6. cxd5 exd5 7. Nc3 Be7 8. O-O O-O 9. Bg5 Be6 10. dxc5 Rc8 {[%emt 0:09:40] D34: Tarrasch Defence: 6 g3 Nf6 7 Bg2 Be7.} 11. Rc1 Qa5 12. Na4 {[%emt 0:14:25] [#]} Rfd8 $146 ({Predecessor:} 12... Ne4 13. Bxe7 Nxe7 14. Ne5 Nxc5 15. Rxc5 Rxc5 16. b4 Qc7 17. Nxc5 Qxe5 18. Nxb7 Rb8 19. Nc5 Rxb4 20. Nd3 Qc3 21. Nxb4 Qxb4 22. Qb3 Qxb3 23. axb3 d4 24. Rd1 {1-0 (24) Malpas,G-Press,S Australia 1995}) 13. a3 Qc7 (13... d4 $14) 14. b4 Nh5 (14... h6 $16) 15. Bxe7 Qxe7 16. Nd4 Nxd4 17. Qxd4 Nf6 18. Nc3 Qd7 19. Rfd1 Qc6 $2 (19... h6 20. e3 Rc6) 20. e4 Bg4 21. Rd2 dxe4 22. Qxd8+ Rxd8 23. Rxd8+ Ne8 24. Nxe4 h6 25. Nd6 Qa4 26. Rxe8+ Kh7 27. Re3 $18 a5 28. b5 1-0

[Event "7th Cattolica Open-B 2020"]
[Site "Cattolica"]
[Date "2020.09.05"]
[Round "6.4"]
[White "Giovannini, Roberto"]
[Black "Beliman, Alexandro"]
[Result "1/2-1/2"]
[ECO "D02"]
[WhiteElo "1893"]
[BlackElo "1732"]
[Annotator "NA RC"]
[PlyCount "40"]
[EventDate "2020.08.31"]
[EventType "swiss"]
[EventCountry "ITA"]
[SourceTitle "playchess.com"]
[Source "ChessBase"]
[SourceQuality "1"]
[TimeControl "5400+30"]

1. d4 d5 2. Nf3 Nc6 3. Bf4 Bg4 4. e3 e6 5. Be2 Bd6 6. O-O $15 (6. Bg3 $11) 6... Nge7 7. Bxd6 cxd6 8. Nbd2 O-O 9. c4 dxc4 10. Nxc4 Rc8 11. Rc1 d5 12. Nce5 Nxe5 13. Rxc8 Qxc8 14. Nxe5 Bxe2 15. Qxe2 Qc7 16. g3 Rc8 17. Qb5 f6 18. Nd3 b6 19. Rc1 Qb7 20. Rxc8+ Qxc8 1/2-1/2

[Event "7th Cattolica Open-B 2020"]
[Site "Cattolica"]
[Date "2020.09.05"]
[Round "6.5"]
[White "Frescura, Davide"]
[Black "Palozza, Flavio"]
[Result "1-0"]
[ECO "B19"]
[WhiteElo "1916"]
[BlackElo "1619"]
[Annotator "NA"]
[PlyCount "123"]
[EventDate "2020.08.31"]
[EventType "swiss"]
[EventCountry "ITA"]
[SourceTitle "playchess.com"]
[Source "ChessBase"]
[SourceQuality "1"]
[TimeControl "5400+30"]

1. e4 c6 2. d4 d5 3. Nd2 dxe4 4. Nxe4 Bf5 5. Ng3 Bg6 6. Nf3 e6 7. h4 h6 8. h5 Bh7 9. Bd3 Bxd3 10. Qxd3 Nd7 11. Bd2 Qc7 12. O-O-O Ngf6 {[%emt 0:00:27] B19: Classical Caro-Kann: 4...Bf5 main line.} 13. Rde1 O-O-O 14. Qe2 Bd6 15. Ne5 {[%emt 0:04:45] [#]} Bxe5 $146 ({Predecessor:} 15... Rhf8 16. Rh3 Kb8 17. f4 c5 18. dxc5 Nxc5 19. Kb1 Nfd7 20. Nxd7+ Rxd7 {½-½ (36) Guttulsrud,O (2190)-Hanssen,G (2217) Oslo 2011}) 16. dxe5 Nd5 17. f4 Ne7 18. Ne4 Kb8 19. Nd6 Rdf8 20. Qg4 Rhg8 21. Rd1 Nc8 22. Bc3 Ndb6 23. Ba5 Qe7 24. Bb4 Nd5 25. Ba3 c5 26. Bxc5 Qc7 27. Bd4 Nb4 28. c3 Nxa2+ 29. Kb1 Qa5 30. Qe2 Rd8 31. Qc4 Nxc3+ 32. Bxc3 Qb6 33. Nxf7 Rdf8 34. Nd6 Qe3 35. Nxc8 Rxc8 36. Qd4 Qe2 37. Rd2 Qg4 38. Rhd1 Rgd8 39. Qxd8 Rxd8 40. Rxd8+ Kc7 41. R8d7+ Kc8 42. Ba5 b6 43. Bc3 Qxh5 44. R1d6 Qh1+ 45. Ka2 Qxg2 46. Rxa7 Qe4 47. Rdd7 Qc4+ 48. Ka3 Qc5+ 49. Bb4 Qe3+ 50. Ka2 Qe4 51. Rac7+ $2 (51. Rf7 {mates} Qd5+ 52. Ka3 Qd3+ 53. b3 Qd5 54. Bd6 Qa5+ 55. Rxa5 bxa5 56. f5) 51... Kb8 52. Rb7+ (52. Kb3 $142 Qg2 53. Rc3 Qb7 54. Rxb7+ Kxb7 {[#]} 55. f5 $1 {[%mdl 576] Promotion} exf5 56. e6 g6 57. e7 f4 58. e8=Q h5 59. Qc8+ Ka7 60. Rc7#) 52... Kc8 53. Rdc7+ Kd8 54. Be7+ Ke8 55. Bd6 {[%emt 0:01:04] Decoy} Qd5+ 56. Ka3 Qa5+ 57. Kb3 Qb5+ 58. Kc3 Qa5+ 59. Bb4 Qa8 60. Re7+ Kd8 61. Rbd7+ Kc8 62. Re8+ 1-0

[Event "7th Cattolica Open-B 2020"]
[Site "Cattolica"]
[Date "2020.09.05"]
[Round "6.6"]
[White "Di Maulo, Alessandra"]
[Black "Cote, Frederic"]
[Result "*"]
[ECO "B20"]
[WhiteElo "1751"]
[BlackElo "1917"]
[Annotator "RC"]
[PlyCount "22"]
[EventDate "2020.08.31"]
[EventType "swiss"]
[EventCountry "ITA"]
[SourceTitle "playchess.com"]
[Source "ChessBase"]
[SourceQuality "1"]
[TimeControl "5400+30"]

1. e4 c5 2. b4 cxb4 3. a3 d5 4. exd5 Qxd5 5. Nf3 Bg4 6. d4 Bxf3 7. gxf3 e6 8. axb4 Bxb4+ 9. c3 Be7 10. Na3 Nc6 11. Bc4 Qd8 *

[Event "7th Cattolica Open-B 2020"]
[Site "Cattolica"]
[Date "2020.09.05"]
[Round "6.6"]
[White "Maselli, David"]
[Black "Pellegrini, Ennio Paolo"]
[Result "0-1"]
[ECO "B20"]
[WhiteElo "1649"]
[BlackElo "1733"]
[Annotator "NA"]
[PlyCount "92"]
[EventDate "2020.08.31"]
[EventType "swiss"]
[EventCountry "ITA"]
[SourceTitle "playchess.com"]
[Source "ChessBase"]
[SourceQuality "1"]
[TimeControl "5400+30"]

1. e4 c5 2. b4 cxb4 3. a3 d5 4. exd5 Qxd5 5. Nf3 Bg4 6. d4 Bxf3 7. gxf3 e6 8. axb4 Bxb4+ 9. c3 Be7 10. Na3 Nc6 11. Bc4 Qd8 12. Nb5 Rc8 13. Qa4 Qd7 14. Na3 a6 15. Be2 Nf6 16. Be3 O-O 17. Nc2 Rfd8 18. O-O Nd5 19. Qb3 Bd6 20. Kh1 Nce7 21. c4 Nf4 22. Bd3 Neg6 23. Bxg6 Nxg6 24. c5 Bb8 25. Rfb1 Qc7 26. f4 b5 27. Nb4 Nxf4 28. Bxf4 Qxf4 29. Qg3 Qxd4 30. Qg2 Qxc5 31. Nxa6 Qc2 32. Rg1 Be5 33. Rae1 Bf6 34. Nb4 Qc4 35. Na6 b4 36. Qb7 b3 37. Rb1 b2 38. Rxb2 Bxb2 39. Qxb2 Qe4+ 40. f3 Qxf3+ 41. Qg2 Qxg2+ 42. Kxg2 Rc2+ 43. Kh3 Rd3+ 44. Rg3 Rdd2 45. Nb4 Rxh2+ 46. Kg4 Rc4+ 0-1

[Event "7th Cattolica Open-B 2020"]
[Site "Cattolica"]
[Date "2020.09.05"]
[Round "6.7"]
[White "Di Maulo, Alessandra"]
[Black "Cote, Frederic"]
[Result "0-1"]
[ECO "B41"]
[WhiteElo "1751"]
[BlackElo "1917"]
[Annotator "NA"]
[PlyCount "130"]
[EventDate "2020.08.31"]
[EventType "swiss"]
[EventCountry "ITA"]
[SourceTitle "playchess.com"]
[Source "ChessBase"]
[SourceQuality "1"]
[TimeControl "5400+30"]

1. e4 c5 2. Nf3 a6 3. c4 b6 4. d4 cxd4 5. Nxd4 Bb7 6. Nc3 e6 7. Qd3 Qc7 8. Be2 Nf6 9. O-O Bb4 10. f3 Nc6 11. Nxc6 Bxc6 $17 12. Be3 O-O 13. Rfd1 Rfd8 14. Rac1 Qb8 15. a3 Bc5 16. Kh1 d5 17. cxd5 exd5 18. exd5 Bxe3 19. Qxe3 Nxd5 20. Nxd5 Bxd5 21. Bd3 g6 22. Be4 Bxe4 23. Qxe4 Re8 24. Qc4 b5 25. Qb3 Qf4 26. Qd3 Re3 27. Qd7 Rae8 28. Rc8 Rxc8 29. Qxc8+ Kg7 30. Qc1 Rd3 31. Qc2 Re3 32. Kg1 Qe5 33. Kf2 h5 34. h4 Qe7 35. Rd4 Re1 36. Qd2 Re6 37. Qd3 Qc5 38. b4 Qc1 39. Re4 Rxe4 40. Qxe4 Qxa3 41. Qe5+ Kh7 42. Qf4 Qb2+ 43. Kg3 Kg7 44. Qe4 Qf6 45. Qd5 Qc3 46. Qd6 Qe1+ 47. Kh3 Qe6+ 48. Qxe6 fxe6 49. Kg3 e5 50. Kf2 Kf6 51. Ke3 Ke6 52. Ke4 Kd6 53. g3 Ke6 54. g4 Kd6 55. f4 exf4 56. Kxf4 hxg4 57. Kxg4 a5 58. bxa5 b4 59. Kf4 b3 60. a6 Kc6 61. Kg5 b2 62. Kxg6 b1=Q+ 63. Kg5 Qh7 64. h5 Kb6 65. h6 Kxa6 0-1

[Event "7th Cattolica Open-B 2020"]
[Site "Cattolica"]
[Date "2020.09.05"]
[Round "6.7"]
[White "Mammi, Ottavio"]
[Black "Pizzoferrato, Mattia"]
[Result "*"]
[ECO "B41"]
[WhiteElo "1633"]
[BlackElo "1854"]
[Annotator "NA RC"]
[PlyCount "35"]
[EventDate "2020.08.31"]
[EventType "swiss"]
[EventCountry "ITA"]
[SourceTitle "playchess.com"]
[Source "ChessBase"]
[SourceQuality "1"]
[TimeControl "5400+30"]

1. e4 c5 2. Nf3 a6 3. c4 b6 4. d4 cxd4 5. Nxd4 Bb7 6. Nc3 e6 7. Qd3 Qc7 8. Be2 Nf6 9. O-O Bb4 10. f3 Nc6 11. Nxc6 Bxc6 12. Be3 O-O 13. Rfd1 Rfd8 14. Rac1 Qb8 15. a3 Bc5 16. Kh1 d5 17. cxd5 exd5 18. exd5 $11 *

[Event "7th Cattolica Open-B 2020"]
[Site "Cattolica"]
[Date "2020.09.05"]
[Round "6.8"]
[White "Mammi, Ottavio"]
[Black "Pizzoferrato, Mattia"]
[Result "1-0"]
[ECO "A28"]
[WhiteElo "1633"]
[BlackElo "1854"]
[Annotator "NA"]
[PlyCount "81"]
[EventDate "2020.08.31"]
[EventType "swiss"]
[EventCountry "ITA"]
[SourceTitle "playchess.com"]
[Source "ChessBase"]
[SourceQuality "1"]
[TimeControl "5400+30"]

1. c4 e5 2. Nc3 Nf6 3. Nf3 Nc6 4. e4 Bc5 5. Nxe5 Nxe5 6. d4 Bxd4 7. Qxd4 d6 8. Be2 O-O 9. O-O Re8 10. Be3 Nc6 11. Qd3 Ng4 12. Bxg4 Bxg4 13. f3 Be6 14. b3 Nb4 15. Qd2 f5 16. Nd5 Nxd5 17. exd5 Bf7 18. Bd4 $11 Qd7 19. Qg5 Bg6 20. h4 Qe7 21. Qg3 Qf7 22. Qf4 Re7 23. Rae1 Rae8 24. Kf2 b6 25. Qg5 f4 26. Rxe7 Qxe7 27. Qxf4 Bd3 28. Rc1 Qe2+ 29. Kg3 Re7 30. Qg5 h6 31. Qf4 Qxa2 32. Qg4 Qd2 33. Ra1 a5 34. Qc8+ Kh7 35. Qf8 Qe2 36. Bc3 Qe3 37. Re1 Be2 38. Bd4 Qd2 39. Qxe7 Qxe1+ 40. Kh2 Qxh4+ 41. Qxh4 1-0

[Event "7th Cattolica Open-B 2020"]
[Site "Cattolica"]
[Date "2020.09.05"]
[Round "6.8"]
[White "Bianco, Paolo"]
[Black "Rubinshtein, Kamilla"]
[Result "*"]
[ECO "A28"]
[WhiteElo "1476"]
[BlackElo "1767"]
[Annotator "NA RC"]
[PlyCount "47"]
[EventDate "2020.08.31"]
[EventType "swiss"]
[EventCountry "ITA"]
[SourceTitle "playchess.com"]
[Source "ChessBase"]
[SourceQuality "1"]
[TimeControl "5400+30"]

1. c4 e5 2. Nc3 Nf6 3. Nf3 Nc6 4. e4 Bc5 5. Nxe5 Nxe5 6. d4 Bxd4 7. Qxd4 d6 8. Be2 O-O 9. O-O Re8 10. Be3 Nc6 11. Qd3 Ng4 12. Bxg4 Bxg4 13. f3 Be6 14. b3 Nb4 15. Qd2 f5 16. Nd5 Nxd5 17. exd5 Bf7 18. Bd4 Qd7 19. Qg5 Bg6 20. h4 Qe7 21. Qg3 Qf7 22. Qf4 Re7 23. Rae1 Rae8 24. Kf2 *

[Event "7th Cattolica Open-B 2020"]
[Site "Cattolica"]
[Date "2020.09.05"]
[Round "6.9"]
[White "Iasman, Inna"]
[Black "Tagliaferri, Valerio"]
[Result "*"]
[ECO "B18"]
[WhiteElo "1659"]
[BlackElo "1777"]
[Annotator "NA RC"]
[PlyCount "25"]
[EventDate "2020.08.31"]
[EventType "swiss"]
[EventCountry "ITA"]
[SourceTitle "playchess.com"]
[Source "ChessBase"]
[SourceQuality "1"]
[TimeControl "5400+30"]

1. e4 c6 2. d4 d5 3. Nc3 dxe4 4. Nxe4 Bf5 5. Ng3 Bg6 6. N1e2 Nf6 7. Nf4 e5 8. Nxg6 hxg6 9. Be3 Nbd7 10. dxe5 Qa5+ 11. c3 Qxe5 12. Be2 O-O-O 13. Qa4 *

[Event "7th Cattolica Open-B 2020"]
[Site "Cattolica"]
[Date "2020.09.05"]
[Round "6.9"]
[White "Bianco, Paolo"]
[Black "Rubinshtein, Kamilla"]
[Result "1-0"]
[ECO "B18"]
[WhiteElo "1476"]
[BlackElo "1767"]
[Annotator "NA"]
[PlyCount "119"]
[EventDate "2020.08.31"]
[EventType "swiss"]
[EventCountry "ITA"]
[SourceTitle "playchess.com"]
[Source "ChessBase"]
[SourceQuality "1"]
[TimeControl "5400+30"]

1. e4 c6 2. d4 d5 3. Nc3 dxe4 4. Nxe4 Bf5 5. Ng3 Bg6 6. N1e2 Nf6 7. Nf4 e5 8. Nxg6 hxg6 9. Be3 Nbd7 10. dxe5 Qa5+ 11. c3 Qxe5 12. Be2 O-O-O 13. Qa4 Bc5 14. Bf4 Qe7 15. O-O Nb8 16. Rfe1 Qf8 17. b4 Bb6 18. c4 Bd4 19. Rab1 Rxh2 20. Nf5 gxf5 21. Bxh2 Ne4 22. Rf1 Nc3 23. Qc2 Nxb1 24. Qxf5+ Nd7 25. Rxb1 g6 26. Qa5 Bb6 27. Qa3 a6 28. Qg3 f5 29. c5 f4 30. Qxf4 Qxf4 31. Bxf4 Bc7 32. Bg5 Rh8 33. f4 Bd8 34. Bxd8 Kxd8 35. Rd1 Kc7 36. Rd6 Rf8 37. g3 Nf6 38. Bd3 Nd5 39. a3 Ne7 40. Bxg6 Rg8 41. f5 a5 42. Kf2 axb4 43. axb4 Nd5 44. Bf7 Rf8 45. Bxd5 Rxf5+ 46. Bf3 Rf7 47. Ke3 Kb8 48. g4 Ka7 49. g5 Ka6 50. g6 Rg7 51. Be2+ Ka7 52. Kf4 Kb8 53. Kf5 b6 54. Kf6 Rb7 55. g7 bxc5 56. g8=Q+ Ka7 57. Qa2+ Kb8 58. Rxc6 Rxb4 59. Qa6 Rb7 60. Rb6 1-0

[Event "7th Cattolica Open-B 2020"]
[Site "Cattolica"]
[Date "2020.09.05"]
[Round "6.10"]
[White "Iasman, Inna"]
[Black "Tagliaferri, Valerio"]
[Result "0-1"]
[ECO "E73"]
[WhiteElo "1659"]
[BlackElo "1777"]
[Annotator "NA"]
[PlyCount "126"]
[EventDate "2020.08.31"]
[EventType "swiss"]
[EventCountry "ITA"]
[SourceTitle "playchess.com"]
[Source "ChessBase"]
[SourceQuality "1"]
[TimeControl "5400+30"]

1. d4 Nf6 2. c4 g6 3. Nc3 Bg7 4. e4 d6 5. Be2 O-O 6. Be3 Nc6 7. d5 Ne5 8. h3 c5 9. f4 Ned7 10. Nf3 Qa5 11. Nd2 a6 12. O-O Rb8 13. a4 e6 14. Nb3 Qc7 15. dxe6 fxe6 16. f5 Ne5 17. fxg6 Nxg6 18. Qe1 Bd7 19. Qg3 Bc6 20. Nxc5 Qe7 21. Nd3 Nxe4 22. Nxe4 Bxe4 23. Rad1 Rxf1+ 24. Rxf1 Rf8 25. Rxf8+ Qxf8 26. Nf2 Be5 27. Qg5 Bc2 28. Ng4 Bxb2 29. Nh6+ Kh8 30. Qg4 Bg7 31. Qh5 Bxa4 32. Bd3 Be8 33. Ng4 Bf7 34. Bg5 Bd4+ 35. Kh1 Qg8 36. Nh6 Qg7 37. Qg4 Bf6 38. Be4 Ne5 39. Nxf7+ Qxf7 40. Qf4 Bxg5 41. Qxg5 Nxc4 42. Qd8+ Kg7 43. Qg5+ Kf8 44. Qd8+ Qe8 45. Qf6+ Kg8 46. Qg5+ Kf7 47. Bxh7 Ne5 48. Be4 Qb5 49. Qf4+ Ke7 50. Qg5+ Kd7 51. Qg7+ Kc8 52. Qf8+ Kc7 53. Qe7+ Qd7 54. Qg5 Qf7 55. Kh2 Nc6 56. h4 e5 57. h5 Nd8 58. Bg6 Qf8 59. h6 Ne6 60. Qc1+ Kd8 61. h7 Nf4 62. Be4 Qh6+ 63. Kg1 Ne2+ 0-1

[Event "7th Cattolica Open-B 2020"]
[Site "Cattolica"]
[Date "2020.09.05"]
[Round "6.10"]
[White "Maselli, David"]
[Black "Pellegrini, Ennio Paolo"]
[Result "*"]
[ECO "E73"]
[WhiteElo "1649"]
[BlackElo "1733"]
[Annotator "NA RC"]
[PlyCount "45"]
[EventDate "2020.08.31"]
[EventType "swiss"]
[EventCountry "ITA"]
[SourceTitle "playchess.com"]
[Source "ChessBase"]
[SourceQuality "1"]
[TimeControl "5400+30"]

1. d4 Nf6 2. c4 g6 3. Nc3 Bg7 4. e4 d6 5. Be2 O-O 6. Be3 Nc6 7. d5 Ne5 8. h3 c5 9. f4 Ned7 10. Nf3 Qa5 11. Nd2 a6 12. O-O Rb8 13. a4 e6 14. Nb3 Qc7 15. dxe6 fxe6 16. f5 Ne5 17. fxg6 Nxg6 18. Qe1 Bd7 19. Qg3 Bc6 20. Nxc5 Qe7 21. Nd3 Nxe4 22. Nxe4 Bxe4 23. Rad1 *